[Event "Croatian 1B League 2022"]
[Site "Porec"]
[Date "2022.10.02"]
[Round "9.14"]
[White "Jovanovic, Zoran"]
[Black "Maksimovic, Bojan"]
[Result "1/2-1/2"]
[ECO "B43"]
[WhiteElo "2519"]
[BlackElo "2468"]
[Annotator "TA"]
[PlyCount "37"]
[EventDate "2022.09.24"]
[EventType "team-tourn"]
[EventCountry "CRO"]
[SourceTitle "playchess.com"]
[Source "ChessBase"]
[SourceQuality "1"]
[TimeControl "40/5400+30:1800+30"]

1. e4 c5 2. Nf3 e6 3. d4 cxd4 4. Nxd4 a6 5. Nc3 b5 6. g3 Bb7 7. Bg2 b4 8. Na4 {[%emt 0:11:30] B43: Sicilian: Kan Variation: 5 Nc3.} Nf6 9. Qe2 Nc6 10. Nb3 {[%emt 0:14:49] White is slightly better.} d6 11. Be3 Nd7 12. c4 bxc3 13. Nxc3 Be7 14. O-O O-O 15. Rfd1 {[%emt 0:02:05] [#]} Rc8 $146 ({Predecessor:} 15... Qb8 16. Rac1 Rc8 17. f4 a5 18. Nd4 Nxd4 19. Bxd4 Nc5 20. Qg4 e5 21. Be3 Ne6 {0-1 (32) Tatai,S (2357)-Drabke,L (2428) Bratto 2004}) 16. f4 Na5 17. Nxa5 Qxa5 18. a3 Qc7 19. Rac1 {[%emt 0:06:02] Weighted Error Value: White=0.09 (flawless) /Black=0.09 (flawless)} 1/2-1/2

[Event "Croatian 1B League 2022"]
[Site "Porec"]
[Date "2022.10.02"]
[Round "9.15"]
[White "Cabarkapa, Novak"]
[Black "Bukal, Vladimir Jr."]
[Result "1-0"]
[ECO "B28"]
[WhiteElo "2433"]
[BlackElo "2411"]
[Annotator "TA"]
[PlyCount "91"]
[EventDate "2022.09.24"]
[EventType "team-tourn"]
[EventCountry "CRO"]
[SourceTitle "playchess.com"]
[Source "ChessBase"]
[SourceQuality "1"]
[TimeControl "40/5400+30:1800+30"]

1. e4 c5 2. Nf3 a6 3. c3 d5 4. exd5 Nf6 5. d4 cxd4 6. Qa4+ {[%emt 0:00:08] B28: Sicilian: 2 Nf3 a6 (O'Kelly Variation).} Qd7 7. Qxd7+ Nbxd7 8. c4 {[%emt 0:00:14] White is slightly better.} b5 9. cxb5 Nxd5 10. Nxd4 e5 11. Nc2 Nc5 12. bxa6 Bxa6 13. Bxa6 Rxa6 14. Ke2 {[%emt 0:00:24] Against Nd3} e4 {[%emt 0:04:05] [#]} 15. Rd1 $146 ({Predecessor:} 15. Nc3 Nxc3+ 16. bxc3 Na4 17. Bd2 Rc6 18. Nd4 Rc8 19. Rhe1 Ba3 20. Kf1 O-O 21. Rxe4 {½-½ (56) Petrov,M (2439)-Nikolov,M (2522) Cattolica 2021}) 15... Nd3 16. Nc3 Nxc3+ 17. bxc3 Rc6 18. Bd2 Bc5 19. Nb4 Rg6 20. Nxd3 exd3+ 21. Kf1 Rf6 {[%emt 0:00:34] Prevents Bf4.} 22. f3 Rd6 23. Bf4 Rd8 24. Rab1 O-O 25. Rb5 Ba7 (25... Bd6 $142) 26. c4 Rc8 (26... f6 $16 27. a4 Rfe8) 27. Bd6 $1 $18 ({Weaker is} 27. Rxd3 Rxc4 28. Rd7 Bd4 $16) 27... Rfd8 28. c5 ({Worse is} 28. Rxd3 Bc5 $1 29. Bxc5 Rxd3 $17) 28... f6 29. a4 Rd7 30. Ke1 h5 31. Kd2 Rc6 32. Rdb1 Kh7 33. a5 h4 34. R1b4 h3 35. gxh3 Kg6 36. Rb3 Rd8 37. Rxd3 Rh8 38. Rc3 Rh5 {[%emt 0:00:28] [#]} 39. Kc2 $2 (39. Rb6 $1 $18 Rd5+ (39... Rc8 40. Rb7) 40. Rd3 Bxb6 41. axb6 Rdxc5 42. Bxc5 Rxc5 43. Rb3) 39... Rxd6 $11 40. cxd6 {[%emt 0:00:00] White threatens Rxh5 and mate.} Rxb5 {[%emt 0:00:00][%mdl 4096] Endgame KRB-KR} 41. d7 Rd5 42. Rc7 Bg1 43. a6 Bxh2 $2 (43... Kf5 $11) 44. a7 $18 {[%emt 0:01:31] White is clearly winning.} ({Stronger than} 44. Rb7 Bg1 $11) 44... Bxc7 45. a8=Q Rxd7 46. Qe8+ {[%emt 0:01:56] Weighted Error Value: White=0.15 (very precise) /Black=0.41} 1-0

[Event "Croatian 1B League 2022"]
[Site "Porec"]
[Date "2022.10.02"]
[Round "9.16"]
[White "Blazeka, Matej"]
[Black "Vojak, Daniel"]
[Result "0-1"]
[ECO "B55"]
[WhiteElo "2331"]
[BlackElo "2300"]
[Annotator "TA"]
[PlyCount "108"]
[EventDate "2022.09.24"]
[EventType "team-tourn"]
[EventCountry "CRO"]
[SourceTitle "playchess.com"]
[Source "ChessBase"]
[SourceQuality "1"]
[TimeControl "40/5400+30:1800+30"]

1. e4 c5 2. Nf3 d6 3. d4 cxd4 4. Nxd4 Nf6 5. f3 e5 6. Nb3 d5 7. Bg5 {[%emt 0:00:25] B55: Sicilian: 2...d6 3 d4 cxd4 4 Nxd4 Nf6 5 f3.} d4 8. c3 Nc6 9. Bb5 {[%emt 0:03:25] The position is equal. 9.cxd4 might become the main line.} h6 10. Bh4 {[%emt 0:04:14] White wants to play cxd4.} Qb6 11. Bc4 Be6 12. Bxe6 fxe6 13. Bf2 {[%emt 0:04:34] [#]} Rd8 $146 ({Predecessor:} 13... Qa6 14. N1d2 O-O-O 15. c4 Bd6 16. Nc1 Bb4 17. Nd3 Qxc4 18. Nxb4 Qxb4 19. O-O Qxb2 {1-0 (39) Gunduz,U (2107)-Bulduk,I (1920) Ankara 2017}) 14. N1d2 Be7 15. O-O Qa6 16. Re1 O-O 17. Qe2 Qxe2 18. Rxe2 Nh5 19. g3 {[%emt 0:01:27] Inhibits Nf4.} Rd7 20. Rc1 Rfd8 21. cxd4 exd4 22. Nc5 Bxc5 23. Rxc5 Nf6 24. a3 Rc7 25. f4 Nd7 26. Rc1 e5 27. Kg2 Rdc8 28. Nf3 exf4 29. gxf4 d3 30. Re3 Nf6 31. Bh4 Nh5 32. Bg3 Rd7 33. Rd1 Rcd8 34. f5 g6 35. fxg6 Kg7 36. e5 Kxg6 37. e6 Re7 {[%emt 0:01:05][%mdl 8192] [#]} (37... Rd5 $11 {and Black has nothing to worry.}) 38. Bh4 $1 $18 (38. Rdxd3 Rxd3 39. Rxd3 Rxe6 $11) 38... Nf6 (38... Nf4+ $2 39. Kg3 Nh5+ 40. Kg4 (40. Kf2 Nf6 $14) 40... Nf6+ 41. Kh3 $18) 39. Nd2 $2 ({Better is} 39. Kh3 $18) 39... Rd4 $1 $11 40. Kh3 {[%emt 0:00:00] aiming for Rg1+.} Nd5 41. Rg1+ ({But not} 41. Rg3+ $2 Kh5 42. Kg2 Rxh4 $19) 41... Kh5 $1 42. Bxe7 Nxe3 {[%emt 0:00:20] Pair of Knights!} 43. Bf6 (43. Re1 $11 Nxe7 44. Rxe3) 43... Rd6 $17 44. e7 Re6 45. Rg7 {[%emt 0:02:33] [#]} (45. Rg8 $17 Nxe7 46. Bxe7 Rxe7 47. Rd8) 45... Nf5 $1 $19 ({Worse is} 45... Nd5 46. Nf1 Nf4+ 47. Kg3 $11) 46. Rg1 Nfxe7 $2 (46... Re3+ $19 47. Kg2 Ncxe7 48. Bxe7 Rxe7) 47. Nf1 $2 Rxf6 {[%emt 0:00:33] Black is clearly winning.} 48. Ng3+ Kg6 49. Ne4+ Kf7 50. Nxf6 Kxf6 51. Kg4 Nd5 {[%emt 0:00:59] Threatens to win with ...Ne5+.} 52. Kf3 Kf5 53. Kf2 Ne5 54. Rg7 Nc4 {[%emt 0:01:43] Black used his chance.  Weighted Error Value: White=0.39/Black=0.19 (very precise)} 0-1

[Event "Croatian 1B League 2022"]
[Site "Porec"]
[Date "2022.10.02"]
[Round "9.17"]
[White "Cupic, Lovro"]
[Black "Brumen, Dinko"]
[Result "1/2-1/2"]
[ECO "B32"]
[WhiteElo "2216"]
[BlackElo "2299"]
[Annotator "TA"]
[PlyCount "91"]
[EventDate "2022.09.24"]
[EventType "team-tourn"]
[EventCountry "CRO"]
[SourceTitle "playchess.com"]
[Source "ChessBase"]
[SourceQuality "1"]
[TimeControl "40/5400+30:1800+30"]

1. e4 c5 2. Nf3 Nc6 3. d4 cxd4 4. Nxd4 e5 5. Nb5 d6 6. c4 Be7 {[%emt 0:00:09] 6...Be6 gains popularity.} 7. N5c3 {[%emt 0:00:12] [#] B32: Sicilian: Löwenthal and Kalashnikov Variations.} h6 $146 ({Predecessor:} 7... Nf6 8. Na3 O-O 9. Nc2 Be6 10. Be2 Rc8 11. O-O a6 12. Be3 Nd7 13. Qd2 Nc5 14. b4 Nd7 {1-0 (31) Dominguez Perez,L (2754)-Cubas,J (2451) Chennai 2022}) 8. Nd5 Bg5 9. Nbc3 {[%emt 0:02:08] White has an edge.} a6 {[%emt 0:05:29] Inhibits Nb5.} 10. Be3 Bxe3 11. fxe3 Nf6 12. Be2 O-O 13. O-O Nxd5 14. Nxd5 Ne7 15. b3 Be6 16. Bg4 (16. Qd2 $11) 16... Bxd5 17. cxd5 b5 18. Rc1 Qb6 19. Qd3 a5 20. a3 Ra7 21. Rc2 b4 22. a4 Rc7 23. Rfc1 Rxc2 24. Rxc2 g6 25. h4 f5 26. Bf3 f4 27. Kf2 g5 28. h5 g4 29. Bxg4 fxe3+ 30. Ke2 Rf2+ 31. Ke1 Rxc2 32. Qxc2 $11 {[%emt 0:00:14][%mdl 4096] Endgame KQB-KQN} Qd4 33. Ke2 Kg7 {[%emt 0:00:41] [#] ...Nxd5 is the strong threat.} 34. Bf3 Kf6 35. Qd3 Qb2+ 36. Kxe3 Nc8 $2 {[%emt 0:00:53][%mdl 8192] [#]} (36... Kg5 $1 $11 {and Black is okay.}) 37. Be2 $2 (37. Qc4 $1 $18 Ne7 38. Qc7) 37... Nb6 {[%emt 0:00:36] The position is equal.} 38. Kf3 Nd7 {[%emt 0:00:15] And now ...Nc5 would win.} 39. Qe3 Qc3 $1 40. Qxc3 bxc3 {[%emt 0:00:00] KB-KN} 41. Bd1 Nc5 {[%emt 0:02:48] White must now prevent ...Kg5.} 42. Ke3 Kg5 {[%emt 0:01:18] Hoping for ...Kh4.} 43. g3 Kf6 {[%emt 0:03:08] Threatens to win with ...Kg5.} 44. Bc2 Kg5 45. Bd1 Kf6 {[%emt 0:00:18] Strongly threatening ...Kg5.} 46. Bc2 {[%emt 0:00:04] Weighted Error Value: White=0.22 (precise) /Black=0.17 (very precise)} 1/2-1/2

[Event "Croatian 1B League 2022"]
[Site "Porec"]
[Date "2022.10.02"]
[Round "9.18"]
[White "Vujakovic, Branko"]
[Black "Novosel, Lovro"]
[Result "0-1"]
[ECO "B92"]
[WhiteElo "2286"]
[BlackElo "2274"]
[Annotator "TA"]
[PlyCount "120"]
[EventDate "2022.09.24"]
[EventType "team-tourn"]
[EventCountry "CRO"]
[SourceTitle "playchess.com"]
[Source "ChessBase"]
[SourceQuality "1"]
[TimeControl "40/5400+30:1800+30"]

1. e4 c5 2. Nf3 d6 3. Nc3 Nf6 4. d4 cxd4 5. Nxd4 a6 6. Be2 e5 7. Nb3 Be7 8. O-O O-O 9. Be3 Be6 10. Qd3 Nbd7 11. Nd5 Bxd5 12. exd5 Ne8 {[%emt 0:00:27] B92: Sicilian Najdorf: 6 Be2.} 13. a4 g6 14. a5 Ng7 {[%emt 0:00:48] [#] The position is equal.} 15. g4 $146 ({Predecessor:} 15. c4 Rc8 16. Rfe1 Re8 17. Bf1 Bh4 18. g3 Be7 19. Rac1 Nf5 20. Bd2 Ng7 21. Qc3 {½-½ (44) Kraft,D (2482)-Chesakov,L (2478) ICCF email 2019}) 15... f5 16. f3 Bg5 17. Bf2 (17. Nd2 $15) 17... Bf4 $17 18. Ra4 {[%emt 0:07:20] Inhibits e4.} Nf6 19. Rb4 Qd7 (19... fxg4 $17 20. fxg4 Nxg4 $1 21. Bxg4 Qg5) 20. h3 (20. Rxf4 $11 exf4 21. g5) 20... h5 21. Nd2 hxg4 ({Much weaker is} 21... fxg4 $6 22. fxg4 hxg4 23. hxg4 $11) 22. hxg4 fxg4 (22... Rae8 $17 {aiming for ...Rf7.} 23. Be3 Qc7) 23. fxg4 $11 Nxg4 24. Qh3 $1 Bxd2 {[%emt 0:01:21] The board is on fire.} (24... Bh2+ $2 25. Kg2 Nf6 26. Qxd7 Nxd7 27. Kxh2 $18) 25. Rxg4 {[%emt 0:07:12] Strongly threatening Qd3.} Rf4 ({Don't take} 25... Bxa5 26. Be3 $16 (26. Qh6 Rf6 $14)) 26. Qg2 (26. Bg3 $11 Be3+ 27. Kh2 Rxg4 28. Bxg4) 26... Raf8 {[%emt 0:04:24] Black is more active.} (26... Rxg4 $15 27. Bxg4 Nf5) 27. Rxf4 (27. Rxg6 $11 {remains equal.} Rxf2 28. Rxf2) 27... Rxf4 28. Qxg6 Bxa5 (28... Qh3 $1 $15) 29. Be3 Rxf1+ 30. Bxf1 Bc7 31. Bd3 Qh3 {[%emt 0:00:32] Against Qh7+} 32. Kf2 Qh5 33. Kg2 a5 34. Bh6 {[%emt 0:07:01][%csl Gh6][%cal Rg6g7] This bishop pair is nice.} Qxg6+ 35. Bxg6 {[%emt 0:00:06][%mdl 4096] Endgame KBB-KBN} Bd8 36. Kf3 {[%emt 0:01:11][%mdl 1024] White has compensation.} Bf6 37. b3 Kf8 38. Ke4 Ke7 39. c4 Kd7 40. Bxg7 Bxg7 {[%emt 0:00:00] KB-KB} 41. Bf5+ (41. Kd3 $1 $11) 41... Kc7 $17 42. Kd3 Kb6 43. Bc8 Bf6 44. Bg4 Kc5 45. Be2 (45. Bd7 $17) 45... b6 46. Bd1 $2 {[%emt 0:06:41][%mdl 8192] [#]} (46. Bh5 $17) 46... Kb4 $1 $19 47. Kc2 e4 $2 (47... a4 $19 {is more deadly.} 48. bxa4 Kxc4) 48. Be2 Kc5 {[%emt 0:00:07][%cal Ob6b5] ...b5! is the strong threat.} 49. Bf1 $2 (49. Bh5 $17) 49... Kd4 $2 (49... b5 50. cxb5 Kxd5) 50. Be2 (50. Bh3) 50... b5 51. cxb5 Kxd5 {[%emt 0:00:06] White must now prevent ...Kc5.} 52. b6 Kc6 53. Bc4 d5 54. b7 Be5 55. Bf1 Kxb7 {[%emt 0:00:06] ( -> ...Kc6)} 56. Bh3 Kc6 {[%emt 0:00:09] Black mates.} 57. Bc8 d4 58. Kd2 Bf4+ 59. Kc2 d3+ 60. Kc3 Kc5 {[%emt 0:00:24] Weighted Error Value: White=0.72/Black=0.38} 0-1